| TOP OF THE 1ST |
|
Miami (APP) Marlins batting - Pitching for Danville Braves : RHP Chris Hawkins
|
|
Pitching: RHP Chris Hawkins
|
|
|
Batting: RHB Adrian Bocker
|
0-0: Ball 1-0: Ball 2-0: Called Strike 2-1: Ball 3-1: Base on Balls
|
|
Batting: RHB Jason Thrash
|
0-0: Ball 1-0: Ball Wild Pitch! Adrian Bocker to second 2-0: Ball 3-0: Base on Balls
|
|
Batting: RHB Mario Cota
|
0-0: Ball 1-0: Swinging Strike 1-1: Foul Ball, location: 2F 1-2: Ball 2-2: Ball 3-2: Foul Ball, location: 2F 3-2: Strikes out swinging
|
|
Batting: SHB Matt Moore
|
0-0: Called Strike 0-1: Ball 1-1: Ball 2-1: Ball 3-1: Foul Ball, location: 2F 3-2: Foul Ball, location: 2F 3-2: Foul Ball, location: 2F 3-2: Strikes out looking
|
|
Batting: RHB Keith Bennett
|
0-0: Ball 1-0: Foul Ball, location: 2F 1-1: Ball 2-1: Foul Ball, location: 2F 2-2: Strikes out swinging
|
| Top of the 1st over - 0 runs, 0 hits, 0 errors, 2 left on base; Miami (APP) 0 - Danville 0 |
| BOTTOM OF THE 1ST |
|
Danville Braves batting - Pitching for Miami (APP) Marlins : RHP Adam Brown
|
|
Pitching: RHP Adam Brown
|
|
|
Batting: LHB Erik Gretzky
|
0-0: Called Strike 0-1: Ball 1-1: Ball 2-1: Bunted foul 2-2: Ground out U3 (Groundball, 34, EV 103.8 MPH)
|
|
Batting: LHB Oke Monti
|
0-0: Foul Ball, location: 2F 0-1: Called Strike 0-2: Ball 1-2: Foul Ball, location: 2F 1-2: Ball 2-2: Foul Ball, location: 2F 2-2: Foul Ball, location: 2F 2-2: Ball 3-2: Base on Balls
|
|
Batting: RHB Hisayuki Akiyama
|
0-0: Ball 1-0: Foul Ball, location: 2F 1-1: Fly out, F6 (Flyball, 56D, EV 93.1 MPH)
|
|
Batting: LHB Alexis Cantu
|
0-0: Called Strike 0-1: Ball 1-1: Ground out 6-3 (Groundball, 6S, EV 82.5 MPH)
|
| Bottom of the 1st over - 0 runs, 0 hits, 0 errors, 1 left on base; Miami (APP) 0 - Danville 0 |
| TOP OF THE 2ND |
|
Miami (APP) Marlins batting - Pitching for Danville Braves : RHP Chris Hawkins
|
|
Batting: RHB Rick Knoblauch
|
0-0: Called Strike 0-1: Ball 1-1: Ball 2-1: Ball 3-1: Foul Ball, location: 2F 3-2: Base on Balls
|
|
Batting: LHB Gavrilo Brkic
|
0-0: Foul Ball, location: 2F 0-1: Ball 1-1: Swinging Strike 1-2: Strikes out looking
|
|
Batting: LHB Melvin Castro
|
0-0: Called Strike 0-1: Foul Ball, location: 2F 0-2: Strikes out swinging
|
|
Batting: LHB Bryan Wedge
|
0-0: Swinging Strike 0-1: Ball 1-1: Ball 2-1: Foul Ball, location: 2F 2-2: Strikes out swinging
|
| Top of the 2nd over - 0 runs, 0 hits, 0 errors, 1 left on base; Miami (APP) 0 - Danville 0 |
| BOTTOM OF THE 2ND |
|
Danville Braves batting - Pitching for Miami (APP) Marlins : RHP Adam Brown
|
|
Batting: RHB Ingidayehu Lagat
|
0-0: Called Strike 0-1: Ball 1-1: Called Strike 1-2: Foul Ball, location: 2F 1-2: Ground out 5-3 (Groundball, 56, EV 111.9 MPH)
|
|
Batting: RHB Zach Hulme
|
0-0: Ball 1-0: Foul Ball, location: 2F 1-1: SINGLE (Groundball, 56S, EV 70.6 MPH) (infield hit)
|
|
Pitching: RHP Matt Alexander
|
|
|
Batting: RHB Armando Moz
|
0-0: Called Strike Zach Hulme steals 2nd base 0-1: Called Strike Zach Hulme steals 3rd base (no throw) 0-2: Fly out, F7 (Flyball, 78XD, EV 86.9 MPH) Runner from 3rd tags up, SCORES, no throw by LF
|
|
Batting: SHB Ian Arlotta
|
0-0: Ball 1-0: Called Strike 1-1: Called Strike 1-2: Foul Ball, location: 2F 1-2: Foul Ball, location: 2F 1-2: Fly out, F8 (Flyball, 8LM, EV 88.1 MPH)
|
| Bottom of the 2nd over - 1 run, 1 hit, 0 errors, 0 left on base; Miami (APP) 0 - Danville 1 |
| TOP OF THE 3RD |
|
Miami (APP) Marlins batting - Pitching for Danville Braves : RHP Chris Hawkins
|
|
Batting: RHB Adrian Bocker
|
0-0: Called Strike 0-1: Ball 1-1: Called Strike 1-2: Fly out, F9 (Line Drive, 9, EV 90.6 MPH)
|
|
Batting: RHB Jason Thrash
|
0-0: Ball 1-0: SINGLE (Groundball, 34D, EV 93.8 MPH)
|
|
Batting: RHB Mario Cota
|
0-0: Ball 1-0: Ball 2-0: Foul Ball, location: 2F 2-1: Swinging Strike 2-2: Ball 3-2: Strikes out swinging
|
|
Batting: SHB Matt Moore
|
0-0: Ball 1-0: Fly out, F8 (Flyball, 89D, EV 88.8 MPH)
|
| Top of the 3rd over - 0 runs, 1 hit, 0 errors, 1 left on base; Miami (APP) 0 - Danville 1 |
| BOTTOM OF THE 3RD |
|
Danville Braves batting - Pitching for Miami (APP) Marlins : RHP Matt Alexander
|
|
Batting: RHB Adonis Jenifer
|
0-0: Called Strike 0-1: Ground out 6-3 (Groundball, 6, EV 78.8 MPH)
|
|
Batting: LHB Erik Gretzky
|
0-0: Ball 1-0: Swinging Strike 1-1: Ball 2-1: Ball 3-1: Base on Balls
|
|
Batting: LHB Oke Monti
|
0-0: Ball 1-0: Called Strike Erik Gretzky steals 2nd base 1-1: Ball 2-1: Ball 3-1: Swinging Strike 3-2: Base on Balls
|
|
Pitching: LHP Tyler Murders
|
|
|
Batting: RHB Hisayuki Akiyama
|
0-0: Called Strike 0-1: SINGLE (Groundball, P, EV 79.4 MPH) (infield hit) Erik Gretzky to third Oke Monti to second
|
|
Batting: LHB Alexis Cantu
|
0-0: Ball 1-0: Ball Wild Pitch! Erik Gretzky scores Oke Monti to third Hisayuki Akiyama to second 2-0: Ball 3-0: Base on Balls
|
|
Batting: RHB Ingidayehu Lagat
|
0-0: Ball 1-0: Called Strike 1-1: Called Strike 1-2: Ball 2-2: Strikes out swinging
|
|
Batting: RHB Zach Hulme
|
0-0: GRAND SLAM HOME RUN (Flyball, 78XD, EV 95.6 MPH), Distance : 387 ft
|
|
Batting: RHB Armando Moz
|
0-0: Called Strike 0-1: Ball 1-1: Called Strike 1-2: Foul Ball, location: 2F 1-2: Foul Ball, location: 2F 1-2: Foul Ball, location: 2F 1-2: Ball 2-2: Ball 3-2: Base on Balls
|
|
Batting: SHB Ian Arlotta
|
0-0: Foul Ball, location: 2F 0-1: Ball 1-1: Foul Ball, location: 2F 1-2: Ball 2-2: Fielders Choice at 2nd, 6-4 (Groundball, 6, EV 84.4 MPH)
|
| Bottom of the 3rd over - 5 runs, 2 hits, 0 errors, 1 left on base; Miami (APP) 0 - Danville 6 |
| TOP OF THE 4TH |
|
Miami (APP) Marlins batting - Pitching for Danville Braves : RHP Chris Hawkins
|
|
Batting: RHB Keith Bennett
|
0-0: Called Strike 0-1: Called Strike 0-2: Ball 1-2: Ball 2-2: Strikes out swinging
|
|
Batting: RHB Rick Knoblauch
|
0-0: Ground out 5-3 (Groundball, 56S, EV 93.8 MPH)
|
|
Batting: LHB Gavrilo Brkic
|
0-0: Ball 1-0: Foul Ball, location: 2F 1-1: Ball 2-1: Ball 3-1: Called Strike 3-2: Strikes out swinging
|
| Top of the 4th over - 0 runs, 0 hits, 0 errors, 0 left on base; Miami (APP) 0 - Danville 6 |
| BOTTOM OF THE 4TH |
|
Danville Braves batting - Pitching for Miami (APP) Marlins : LHP Tyler Murders
|
|
Batting: RHB Adonis Jenifer
|
0-0: Ball 1-0: Swinging Strike 1-1: SOLO HOME RUN (Flyball, 7D, EV 94.4 MPH), Distance : 359 ft
|
|
Batting: LHB Erik Gretzky
|
0-0: Called Strike 0-1: SOLO HOME RUN (Flyball, 89XD, EV 96.2 MPH), Distance : 381 ft
|
|
Batting: LHB Oke Monti
|
0-0: Ball 1-0: Ball 2-0: Ball 3-0: Base on Balls
|
|
Batting: RHB Hisayuki Akiyama
|
0-0: Ball 1-0: Called Strike 1-1: Ball 2-1: Ball 3-1: Base on Balls Oke Monti to second
|
|
Batting: LHB Alexis Cantu
|
0-0: Called Strike 0-1: SINGLE (Line Drive, 9S, EV 95.0 MPH) Oke Monti to third Hisayuki Akiyama to second
|
|
Batting: RHB Ingidayehu Lagat
|
0-0: Ball 1-0: Fly out, F7 (Flyball, 7, EV 86.2 MPH) Runner from 3rd tags up, SCORES, throw by LF
|
|
Batting: RHB Zach Hulme
|
0-0: SINGLE (Groundball, 56, EV 105.0 MPH) (infield hit) Hisayuki Akiyama to third Alexis Cantu to second
|
|
Batting: RHB Armando Moz
|
0-0: Fly out, F6 (Line Drive, 6, EV 70.0 MPH)
|
|
Batting: SHB Ian Arlotta
|
0-0: Called Strike 0-1: Foul Ball, location: 2F 0-2: Ball 1-2: Ball 2-2: Ball 3-2: Base on Balls Hisayuki Akiyama scores Alexis Cantu to third Zach Hulme to second
|
|
Pitching: RHP Jeremy Akande
|
|
|
Batting: RHB Adonis Jenifer
|
0-0: Ball 1-0: Ball 2-0: Foul Ball, location: 2F 2-1: Ball 3-1: Called Strike 3-2: Ground out 4-3 (Groundball, 4, EV 82.5 MPH)
|
| Bottom of the 4th over - 4 runs, 4 hits, 0 errors, 3 left on base; Miami (APP) 0 - Danville 10 |
| TOP OF THE 5TH |
|
Miami (APP) Marlins batting - Pitching for Danville Braves : RHP Chris Hawkins
|
|
Batting: LHB Melvin Castro
|
0-0: Called Strike 0-1: Swinging Strike 0-2: Foul Ball, location: 2F 0-2: Ball 1-2: Ball 2-2: Foul Ball, location: 2F 2-2: Strikes out swinging
|
|
Batting: LHB Bryan Wedge
|
0-0: Swinging Strike 0-1: Swinging Strike 0-2: Strikes out swinging
|
|
Batting: RHB Adrian Bocker
|
0-0: SINGLE (Groundball, 6MD, EV 109.4 MPH)
|
|
Batting: RHB Jason Thrash
|
0-0: Ball 1-0: Foul Ball, location: 2F 1-1: Ball 2-1: Ball 3-1: Fly out, F2 (Popup, 3SF, EV 81.2 MPH)
|
| Top of the 5th over - 0 runs, 1 hit, 0 errors, 1 left on base; Miami (APP) 0 - Danville 10 |
| BOTTOM OF THE 5TH |
|
Danville Braves batting - Pitching for Miami (APP) Marlins : RHP Jeremy Akande
|
|
Batting: LHB Erik Gretzky
|
0-0: Foul Ball, location: 2F 0-1: Ball 1-1: Ball 2-1: Ball 3-1: Base on Balls
|
|
Batting: LHB Oke Monti
|
0-0: Ball 1-0: Ball 2-0: SINGLE (Groundball, 34D, EV 103.8 MPH) Erik Gretzky to second
|
|
Batting: RHB Hisayuki Akiyama
|
0-0: Swinging Strike 0-1: Swinging Strike 0-2: Ball 1-2: Ball 2-2: Foul Ball, location: 2F 2-2: Strikes out swinging
|
|
Pitching: LHP Mike Wasson
|
|
|
Batting: LHB Alexis Cantu
|
0-0: Ball 1-0: Foul Ball, location: 2F 1-1: Fielders Choice at 2nd, 6-4 (Groundball, 6, EV 88.8 MPH) Erik Gretzky to third
|
|
Batting: RHB Ingidayehu Lagat
|
0-0: Called Strike 0-1: Ball 1-1: Foul Ball, location: 2F 1-2: SINGLE (Line Drive, 7S, EV 104.4 MPH) Erik Gretzky scores Alexis Cantu to second
|
|
Batting: RHB Zach Hulme
|
0-0: Ball 1-0: DOUBLE (Groundball, 5L, EV 102.5 MPH) Alexis Cantu scores Ingidayehu Lagat to third Runner from 3rd tries for Home, SAFE, throw by LF to home
|
|
Batting: RHB Armando Moz
|
0-0: Ball 1-0: Ball 2-0: Called Strike 2-1: Called Strike 2-2: Ball 3-2: Base on Balls
|
|
Batting: SHB Ian Arlotta
|
0-0: Ball 1-0: Called Strike 1-1: Foul Ball, location: 2F 1-2: Strikes out swinging
|
| Bottom of the 5th over - 3 runs, 3 hits, 0 errors, 2 left on base; Miami (APP) 0 - Danville 13 |
| TOP OF THE 6TH |
|
Miami (APP) Marlins batting - Pitching for Danville Braves : RHP Chris Hawkins
|
|
Batting: RHB Mario Cota
|
0-0: Called Strike 0-1: Ball 1-1: Ball 2-1: SINGLE (Groundball, 6, EV 105.6 MPH)
|
|
Batting: SHB Matt Moore
|
0-0: Called Strike 0-1: Ball 1-1: Foul Ball, location: 2F 1-2: Strikes out swinging
|
|
Pitching: RHP Geronimo Savio
|
|
|
Batting: RHB Keith Bennett
|
0-0: Called Strike 0-1: Ball 1-1: Fielders Choice at 2nd, 6-4 (Groundball, 6, EV 88.1 MPH)
|
|
Batting: RHB Rick Knoblauch
|
0-0: Ball 1-0: SINGLE (Groundball, 25, EV 77.5 MPH) (infield hit) Keith Bennett to second
|
|
Batting: LHB Gavrilo Brkic
|
0-0: Ball 1-0: Called Strike 1-1: Called Strike 1-2: Strikes out swinging
|
| Top of the 6th over - 0 runs, 2 hits, 0 errors, 2 left on base; Miami (APP) 0 - Danville 13 |
| BOTTOM OF THE 6TH |
|
Danville Braves batting - Pitching for Miami (APP) Marlins : LHP Mike Wasson
|
|
Batting: RHB Adonis Jenifer
|
0-0: Swinging Strike 0-1: Called Strike 0-2: Foul Ball, location: 2F 0-2: Ball 1-2: Strikes out swinging
|
|
Batting: LHB Erik Gretzky
|
0-0: SINGLE (Groundball, 5S, EV 66.9 MPH) (infield hit)
|
|
Batting: LHB Oke Monti
|
0-0: Called Strike 0-1: Foul Ball, location: 2F 0-2: Ball 1-2: Ball 2-2: Ball 3-2: Base on Balls Erik Gretzky to second
|
|
Batting: RHB Hisayuki Akiyama
|
0-0: 3-RUN HOME RUN (Flyball, 7D, EV 93.8 MPH), Distance : 372 ft
|
|
Batting: LHB Alexis Cantu
|
0-0: Ball 1-0: Ball 2-0: Ball 3-0: Base on Balls
|
|
Batting: RHB Ingidayehu Lagat
|
0-0: Ball 1-0: Foul Ball, location: 2F 1-1: Fly out, F8 (Flyball, 8LD, EV 83.8 MPH)
|
|
Batting: RHB Zach Hulme
|
0-0: Called Strike 0-1: Called Strike 0-2: Ball 1-2: Ball 2-2: Ball Wild Pitch! Alexis Cantu to second 3-2: Strikes out swinging
|
| Bottom of the 6th over - 3 runs, 2 hits, 0 errors, 1 left on base; Miami (APP) 0 - Danville 16 |
| TOP OF THE 7TH |
|
Miami (APP) Marlins batting - Pitching for Danville Braves : RHP Geronimo Savio
|
|
Batting: LHB Melvin Castro
|
0-0: Ball 1-0: Ground out 4-3 (Groundball, 4, EV 78.1 MPH)
|
|
Batting: LHB Bryan Wedge
|
0-0: Ball 1-0: Ball 2-0: Called Strike 2-1: Ground out 4-3 (Groundball, 4, EV 110.6 MPH)
|
|
Batting: RHB Adrian Bocker
|
0-0: Called Strike 0-1: Called Strike 0-2: Strikes out looking
|
| Top of the 7th over - 0 runs, 0 hits, 0 errors, 0 left on base; Miami (APP) 0 - Danville 16 |
| BOTTOM OF THE 7TH |
|
Danville Braves batting - Pitching for Miami (APP) Marlins : LHP Mike Wasson
|
|
Batting: RHB Armando Moz
|
0-0: Ball 1-0: Called Strike 1-1: Foul Ball, location: 2F 1-2: Ball 2-2: Foul Ball, location: 2F 2-2: Strikes out swinging
|
|
Batting: SHB Ian Arlotta
|
0-0: Ball 1-0: Ball 2-0: Ball 3-0: Called Strike 3-1: Fly out, F4 (Line Drive, 4, EV 66.9 MPH)
|
|
Batting: RHB Adonis Jenifer
|
0-0: Swinging Strike 0-1: Ball 1-1: Swinging Strike 1-2: Foul Ball, location: 2F 1-2: Strikes out swinging
|
| Bottom of the 7th over - 0 runs, 0 hits, 0 errors, 0 left on base; Miami (APP) 0 - Danville 16 |
| TOP OF THE 8TH |
|
Miami (APP) Marlins batting - Pitching for Danville Braves : RHP Geronimo Savio
|
|
Batting: RHB Jason Thrash
|
0-0: Ground out 6-3 (Groundball, 6, EV 88.1 MPH)
|
|
Batting: RHB Mario Cota
|
0-0: Called Strike 0-1: Swinging Strike 0-2: Ball 1-2: Strikes out swinging, 2-3 out at first.
|
|
Batting: SHB Matt Moore
|
0-0: Ball 1-0: Swinging Strike 1-1: Ball 2-1: Foul Ball, location: 2F 2-2: Fly out, F8 (Flyball, 78M, EV 90.0 MPH)
|
| Top of the 8th over - 0 runs, 0 hits, 0 errors, 0 left on base; Miami (APP) 0 - Danville 16 |
| BOTTOM OF THE 8TH |
|
Danville Braves batting - Pitching for Miami (APP) Marlins : LHP Mike Wasson
|
|
Pinch Hitting: RHB Badr al Din Ridha
|
0-0: DOUBLE (Line Drive, 78XD, EV 107.5 MPH)
|
|
Batting: LHB Oke Monti
|
0-0: Ball 1-0: Foul Ball, location: 2F 1-1: Foul Ball, location: 2F 1-2: Ball 2-2: Foul Ball, location: 2F 2-2: Fly out, F8 (Flyball, 8RM, EV 84.4 MPH)
|
|
Batting: RHB Hisayuki Akiyama
|
0-0: Ball 1-0: Called Strike 1-1: Ball 2-1: Called Strike 2-2: Strikes out looking
|
|
Batting: LHB Alexis Cantu
|
0-0: SINGLE (Groundball, 56D, EV 105.0 MPH) (infield hit) Badr al Din Ridha to third
|
|
Batting: RHB Ingidayehu Lagat
|
0-0: Ball 1-0: Fielders Choice at 2nd, 6-4 (Groundball, 6, EV 84.4 MPH)
|
| Bottom of the 8th over - 0 runs, 2 hits, 0 errors, 2 left on base; Miami (APP) 0 - Danville 16 |
| TOP OF THE 9TH |
|
Miami (APP) Marlins batting - Pitching for Danville Braves : RHP Geronimo Savio
|
|
Now in LF: Badr al Din Ridha
|
|
|
Batting: RHB Keith Bennett
|
0-0: Foul Ball, location: 2F 0-1: Ball 1-1: Foul Ball, location: 2F 1-2: Strikes out swinging
|
|
Batting: RHB Rick Knoblauch
|
0-0: Ball 1-0: Called Strike 1-1: Called Strike 1-2: Strikes out swinging
|
|
Batting: LHB Gavrilo Brkic
|
0-0: Called Strike 0-1: Ball 1-1: Foul Ball, location: 2F 1-2: Ball 2-2: Strikes out swinging
|
| Top of the 9th over - 0 runs, 0 hits, 0 errors, 0 left on base; Miami (APP) 0 - Danville 16 |
|